Map: Acid Plant LE

Players

uThermal

  • Race: Terran Terran
  • Spawn Location: 11:00

Classic - Winner!

  • Race: Protoss Protoss
  • Spawn Location: 5:00

Event: WESG 2017 Haikou

VOD

Have the link to the VOD?

Description

Time

  • Played on: March 15, 2018, 2:41 a.m.
  • Length: 12:14

All games in this series

Show
View Real Time Build Order
Export as new Build Order

uThermal Terran 

Build Orders: Gas First Reaper Expand, Reaper Expand, MMM Bio 

Get SALT Encoding   

  12  0:01  SCV  
  13  0:13  SCV  
  14  0:17  Supply Depot  
  14  0:25  SCV  
  14  0:28  Refinery  
  15  0:39  SCV  
  16  0:44  Barracks  
  16  0:51  SCV  
  17  1:03  SCV  
  18  1:15  SCV  
  19  1:32  Orbital Command, Reaper  
  20  1:45  Command Center  
  20  1:57  Factory  
  20  1:58  SCV  
  21  2:06  Barracks Reactor  
  21  2:10  SCV  
  21  2:13  Supply Depot  
  22  2:22  SCV  
  23  2:35  SCV  
  24  2:45  Refinery  
  24  2:49  SCV, Hellion x2  
  29  3:02  SCV, Orbital Command  
  30  3:10  Cyclone  
  33  3:14  Cyclone  
  33  3:15  SCV  
  37  3:27  SCV  
  37  3:28  SCV, Command Center  
  37  3:31  Barracks Tech Lab  
  39  3:39  SCV  
  39  3:41  SCV  
  41  3:42  Supply Depot  
  41  3:50  Marine, Stimpack  
  41  3:51  SCV  
  41  3:53  SCV  
  44  3:57  Barracks  
  44  3:59  Factory Tech Lab  
  44  4:03  SCV  
  44  4:05  SCV  
  44  4:07  Barracks  
  44  4:08  Marine  
  47  4:14  Engineering Bay  
  47  4:16  SCV  
  48  4:17  SCV  
  49  4:27  Factory Reactor  
  49  4:28  SCV  
  49  4:29  SCV, Bunker  
  49  4:30  Marauder  
  52  4:35  Supply Depot  
  52  4:40  SCV  
  52  4:41  Orbital Command  
  52  4:45  Marine x2  
  55  4:52  Marauder  
  55  4:53  SCV  
  55  4:54  SCV  
  57  5:02  Starport  
  57  5:03  Combat Shields, Marine  
  58  5:08  SCV  
  58  5:10  SCV  
  58  5:11  SCV  
  58  5:12  Marine, Factory Reactor  
  62  5:17  Refinery, Marine  
  62  5:20  SCV, Marine  
  65  5:22  Marine  
  65  5:27  SCV  
  65  5:28  SCV  
  66  5:29  Refinery  
  66  5:30  Terran Infantry Weapons Level 1  
  66  5:31  Marine  
  66  5:34  Marine  
  66  5:35  SCV  
  69  5:39  SCV, Supply Depot  
  69  5:40  Marine x2  
  69  5:41  SCV  
  73  5:45  Medivac x2  
  77  5:53  Orbital Command  
  77  5:55  Concussive Shells  
  77  5:59  Supply Depot  
  77  6:00  Supply Depot  
  77  6:01  SCV x2, Marauder, Marine x2  
  77  6:02  Widow Mine  
  85  6:08  Widow Mine  
  84  6:13  SCV x2, Marine  
  86  6:19  Marine  
  86  6:22  SCV, Supply Depot  
  86  6:23  Marauder  
  86  6:25  SCV  
  91  6:26  SCV  
  91  6:31  Marauder  
  91  6:34  SCV  
  91  6:35  Marine  
  91  6:39  SCV  
  91  6:44  Marauder  
  91  6:46  SCV x2  
  95  6:47  Barracks x3  
  95  6:48  Refinery, Marine  
  95  6:51  SCV  
  95  6:52  Widow Mine  
  95  6:53  Marauder  
  101  6:56  Supply Depot, Medivac  
  101  6:58  Medivac  
  101  7:00  SCV  
  101  7:01  SCV  
  107  7:04  Supply Depot  
  107  7:05  Widow Mine  
  109  7:09  Marine, Supply Depot  
  109  7:10  Marine  
  109  7:13  SCV, Marine, Widow Mine  
  114  7:17  Marauder  
  115  7:24  Terran Infantry Armor Level 1  
  115  7:25  SCV  
  115  7:27  Marine  
  115  7:28  Marine  
  113  7:32  Marauder  
  113  7:33  Marine, Medivac  
  106  7:37  Marine  
  106  7:38  Marine  
  106  7:39  SCV  
  106  7:41  Marine  
  106  7:43  Widow Mine  
  105  7:45  SCV, Marine  
  105  7:46  Marine  
  105  7:49  Widow Mine  
  109  7:51  Marine  
  109  7:53  Marauder  
  109  7:55  Marine  
  109  7:56  SCV, Marauder  
  109  7:57  SCV x2  
  115  7:58  Marine  
  115  8:03  Marine  
  113  8:07  Marine, Medivac  
  113  8:10  Widow Mine  
  113  8:11  SCV  
  113  8:12  SCV  
  115  8:13  Marine  
  115  8:15  Marauder  
  115  8:18  Marauder  
  121  8:20  SCV, Supply Depot  
  121  8:23  Widow Mine  
  121  8:25  Medivac  
  126  8:29  Barracks Tech Lab, Supply Depot  
  126  8:31  Barracks Tech Lab, Barracks Reactor  
  126  8:32  Widow Mine  
  127  8:34  Armory  
  127  8:36  Marauder  
  129  8:45  Marauder, Marine, Widow Mine  
  134  8:51  Marauder, Marine x2  
  134  8:53  Widow Mine, Liberator  
  134  8:54  Liberator  
  140  8:57  Marauder  
  132  9:02  Marine  
  132  9:06  Widow Mine  
  132  9:07  Marauder  
  132  9:08  Marine x2  
  132  9:09  Marauder, Marine  
  130  9:12  Marine  
  130  9:16  Widow Mine  
  131  9:19  Marauder  
  131  9:20  Marine  
  134  9:25  Terran Infantry Weapons Level 2, Marine  
  134  9:26  Marine x2  
  134  9:28  Marauder  
  134  9:30  Marine x2  
  139  9:32  Widow Mine  
  139  9:38  Marine, Widow Mine  
  143  9:40  Marauder, Supply Depot x2  
  143  9:41  Refinery  
  143  9:43  Marine  
  143  9:44  Marine x2  
  149  9:51  Marine, Supply Depot, Liberator  
  149  9:52  Supply Depot  
  149  10:01  Marine  
  149  10:02  Marauder x3, Widow Mine x2  
  150  10:10  Marauder, Marine x2  
  148  10:16  Marine  
  148  10:19  Marine  
  148  10:20  Liberator  
  150  10:23  Marauder x3, Widow Mine x2  
  150  10:26  Command Center  
  150  10:28  Marine x2  
  162  10:32  Marauder  
  162  10:34  Marine  
  164  10:37  Marine  
  168  10:44  Marine x2, Widow Mine x2  
  168  10:45  Marauder, Marine  
  168  10:46  Marine  
  178  10:52  Marine  
  178  10:53  Marauder  
  178  10:56  Marine  
  180  10:57  Supply Depot  
  180  11:02  Marine  
  181  11:10  Marine  
  181  11:11  Marine x2  
  181  11:14  Marine  
  181  11:15  Widow Mine x2  
  180  11:24  Medivac  
  180  11:26  Marauder  
  180  11:27  Marauder  
  180  11:28  Marine  
  150  11:37  Marine  
  132  11:41  Medivac  
  132  11:46  Marine  
  124  11:47  Marauder  
  124  11:48  Marauder  
  124  11:50  Widow Mine  
  111  11:55  Marine  
Show
View Real Time Build Order
Export as new Build Order

Classic Protoss - Winner!

Build Orders: 1 Gate Expand, Double Forge, Blink Stalkers 

Get SALT Encoding   

  12  0:00  Probe  
  13  0:12  Probe  
  14  0:17  Pylon  
  14  0:24  Probe (Chrono Boost)  
  15  0:36  Probe (Chrono Boost)  
  15  0:37  Gateway  
  16  0:45  Probe (Chrono Boost)  
  16  0:46  Assimilator  
  17  0:51  Probe  
  18  1:03  Probe  
  19  1:15  Probe  
  20  1:22  Nexus  
  20  1:32  Cybernetics Core  
  20  1:36  Probe  
  21  1:43  Assimilator  
  21  1:48  Probe  
  21  1:53  Pylon  
  22  2:00  Probe  
  23  2:08  Stalker (Chrono Boost)  
  23  2:09  Warp Gate  
  23  2:12  Probe  
  26  2:22  Twilight Council  
  26  2:24  Probe  
  27  2:31  Stalker  
  27  2:35  Probe (Chrono Boost)  
  30  2:38  Probe (Chrono Boost)  
  31  2:46  Probe (Chrono Boost)  
  31  2:47  Probe (Chrono Boost)  
  31  2:51  Probe (Chrono Boost)  
  33  2:52  Blink (Chrono Boost), Probe (Chrono Boost)  
  35  3:01  Probe  
  35  3:04  Probe  
  37  3:06  Stalker  
  39  3:13  Probe  
  39  3:16  Probe  
  39  3:18  Shield Battery  
  41  3:22  Gateway  
  41  3:25  Probe  
  42  3:28  Probe  
  42  3:31  Gateway  
  43  3:37  Pylon  
  43  3:40  Stalker  
  45  3:42  Probe  
  45  3:48  Assimilator  
  46  3:53  Robotics Facility  
  46  3:55  Probe  
  47  3:57  Probe  
  47  4:01  Pylon  
  48  4:07  Probe  
  48  4:09  Probe  
  50  4:20  Stalker x2  
  54  4:27  Stalker  
  56  4:31  Pylon  
  56  4:40  Probe x2  
  56  4:41  Nexus  
  58  4:46  Pylon  
  58  4:49  Forge  
  58  4:52  Forge  
  58  4:53  Probe x2  
  58  4:54  Charge  
  58  4:56  Observer  
  61  5:05  Probe x2  
  63  5:14  Protoss Ground Armor Level 1 (Chrono Boost)  
  63  5:17  Probe x2  
  63  5:19  Protoss Ground Weapons Level 1 (Chrono Boost)  
  65  5:29  Probe x2, Gateway  
  65  5:30  Observer, Gateway  
  65  5:32  Gateway  
  68  5:37  Gateway x2  
  68  5:41  Probe x2  
  70  5:43  Sentry  
  70  5:47  Zealot, Sentry  
  76  5:50  Pylon  
  76  5:54  Probe  
  76  5:55  Probe x2  
  79  6:02  Warp Prism  
  81  6:09  Probe x3  
  84  6:15  Assimilator  
  84  6:20  Assimilator  
  84  6:21  Probe x2  
  84  6:22  Probe  
  87  6:35  Zealot x6  
  87  6:36  Zealot x2  
  97  6:40  Immortal (Chrono Boost)  
  97  6:46  Pylon  
  101  6:47  Pylon  
  101  6:55  Protoss Ground Weapons Level 2 (Chrono Boost)  
  101  6:56  Pylon  
  101  6:57  Protoss Ground Armor Level 2 (Chrono Boost)  
  101  7:00  Assimilator  
  101  7:04  Probe x3  
  101  7:07  Zealot x2  
  108  7:08  Stalker x3  
  108  7:12  Zealot  
  108  7:14  Zealot  
  118  7:17  Templar Archives  
  118  7:23  Pylon  
  118  7:25  Pylon  
  118  7:29  Zealot x3  
  120  7:39  Zealot x3  
  124  7:49  Immortal  
  124  7:52  Probe x3  
  119  8:05  Zealot x8  
  133  8:10  Zealot x8  
  119  8:16  Gateway  
  119  8:18  Gateway  
  117  8:24  Psionic Storm  
  117  8:28  Immortal (Chrono Boost)  
  117  8:32  High Templar x4  
  117  8:33  Zealot x4  
  137  8:36  Archon  
  137  8:37  Archon  
  126  8:57  Stalker x3  
  126  9:01  Protoss Ground Armor Level 3 (Chrono Boost), Protoss Ground Weapons Level 3 (Chrono Boost)  
  124  9:11  Warp Prism  
  124  9:18  High Templar x2  
  124  9:24  Nexus  
  128  9:25  Pylon, High Templar  
  128  9:27  High Templar  
  132  9:36  Pylon  
  132  9:39  Zealot x4  
  140  9:50  Pylon  
  140  9:51  Pylon  
  140  9:52  High Templar  
  141  10:09  Nexus  
  141  10:11  Pylon, Observer  
  141  10:13  High Templar  
  144  10:14  Zealot x4  
  144  10:15  Zealot x2  
  144  10:18  Archon, Pylon  
  156  10:21  Pylon  
  156  10:32  Stalker x3  
  156  10:33  Pylon  
  162  10:35  Stalker  
  162  10:36  Stalker x3  
  162  10:37  Stalker  
  162  10:39  Stalker  
  174  10:46  Stalker  
  176  10:56  Stalker x3  
  177  11:01  Zealot x2  
  181  11:06  Zealot x2  
  181  11:07  Zealot x2  
  186  11:11  Stalker  
  156  11:36  Zealot x8  
  156  11:37  Zealot x2  
  171  11:58  Zealot x5  
  171  11:59  Zealot x2  
  177  12:08  Zealot x2  
Tags
 
Add a new tag
Caveats
  • Supply blocks, unpowered buildings, or Contaminate may cause inaccurate times.
  • Supply counts are checked every 10 seconds.